 Dungeon Crawl Stone Soup version 0.27-a0-1191-g601b473118 (webtiles) character file.

Game seed: 16887740223101861164

23712 ICC the Protected (level 13, -17/60 HPs)
             Began as a Vine Stalker Fighter on May 24, 2021.
             Was an Elder of Wu Jian.
             Demolished by a white ugly thing (26 damage)
             ... on level 14 of the Dungeon.
             The game lasted 00:58:55 (10623 turns).

ICC the Protected (Vine Stalker Fighter)           Turns: 10623, Time: 00:58:56

Health: -17/60     AC: 29    Str: 20    XL:     13   Next: 8%
Magic:  0/38       EV:  8    Int: 15    God:    Wu Jian [****..]
Gold:   968        SH:  5    Dex: 14    Spells: 33/34 levels left

rFire    + . .     SeeInvis .   a - +0 short sword (venom)
rCold    . . .     Faith    .   t - +0 buckler
rNeg     . . .     Spirit   +   I - +5 plate armour of Muhakh {Will+ Int+3}
rPois    .         Reflect  .   P - +0 helmet
rElec    .         Harm     .   G - +0 cloak
rCorr    .         Rampage  .   e - +0 pair of gloves
Will     ++...                  Y - +2 pair of boots
Stlth    ..........             (no amulet)
HPRegen  1.20/turn              m - ring of magical power
MPRegen  0.26/turn              u - ring of protection from fire

@: studying Spellcasting
A: fangs 3, regeneration 1, magic shield, antimagic bite, no potion heal 2
a: Renounce Religion, Wall Jump, Serpent's Lash


You were on level 14 of the Dungeon.
You worshipped Wu Jian.
Wu Jian was greatly pleased with you.
You visited 2 branches of the dungeon, and saw 15 of its levels.
You also visited: Sewer.

You collected 968 gold pieces.

Inventory:

Hand Weapons
 a - a +0 short sword of venom (weapon)
 s - a +1 dagger of speed
 w - the +6 falchion of the Witching Queen {vorpal, rPois Str+3}
   (You found it on level 5 of the Dungeon)

   It inflicts extra damage upon your enemies.
   It affects your strength (+3).
   It protects you from poison.
Missiles
 n - 4 javelins
 y - 3 boomerangs of dispersal
 J - 6 silver javelins (quivered)
 V - a curare-tipped dart
Armour
 e - a +0 pair of gloves (worn)
 t - a +0 buckler (worn)
 E - +0 acid dragon scales
 G - a +0 cloak (worn)
 I - the +5 plate armour of Muhakh (worn) {Will+ Int+3}
   (You found it on level 6 of the Dungeon)

   It affects your intelligence (+3).
   It increases your willpower.
 P - a +0 helmet (worn)
 Y - a +2 pair of boots (worn)
Jewellery
 m - a ring of magical power (left hand)
 u - a ring of protection from fire (right hand)
 S - a ring of resist corrosion
 W - the ring of Nibrik {rPois rC+ Stlth+}
   (You found it on level 10 of the Dungeon)

   [ring of poison resistance]

   It protects you from cold.
   It protects you from poison.
   It makes you more stealthy.
 X - a ring of magical power
Wands
 B - a wand of flame (47)
 H - a wand of iceblast (17)
 M - a wand of acid (7)
 U - a wand of digging (6)
Scrolls
 b - 7 scrolls of teleportation
 h - 3 scrolls of enchant armour {unknown}
 v - 2 scrolls of immolation {unknown}
 x - 4 scrolls of magic mapping {unknown}
 z - 3 scrolls of torment
 A - 6 scrolls of blinking
 C - 4 scrolls of fear {unknown}
 D - 2 scrolls of noise {unknown}
 L - 2 scrolls of amnesia {unknown}
 Q - 3 scrolls of enchant weapon {unknown}
 Z - a scroll of fog {unknown}
Potions
 d - 2 potions of might
 g - a potion of haste
 i - 6 potions of curing
 j - 2 potions of magic
 l - 3 potions of brilliance
 o - 3 potions of mutation
 p - 5 potions of degeneration {unknown}
 q - 3 potions of flight {unknown}
 r - 4 potions of heal wounds {unknown}
 F - a potion of attraction
 O - a potion of berserk rage
Miscellaneous
 R - a phantom mirror (inert)
 T - a phial of floods (inert)


   Skills:
 - Level 3.5 Fighting
 - Level 10.0 Short Blades
 - Level 12.6 Armour
 - Level 3.5 Dodging
 - Level 4.0 Shields
 + Level 11.3 Spellcasting


You had 33 spell levels left.
You knew the following spells:

 Your Spells              Type           Power      Damage    Failure   Level
a - Apportation           Tloc           16%        N/A       75%         1

Your spell library contained the following spells:

 Spells                   Type           Power      Damage    Failure   Level
 Animate Skeleton         Necr           16%        N/A       75%         1
 Corona                   Hex            8%         N/A       75%         1
 Pain                     Necr           32%        1d5       75%         1
 Sandblast                Erth           16%        2d6       75%         1
 Shock                    Conj/Air       32%        1d5       75%         1
 Sting                    Tmut/Pois      32%        1d4       75%         1
 Summon Small Mammal      Summ           32%        N/A       75%         1
 Passwall                 Tmut/Erth      6%         N/A       87%         2
 Poisonous Vapours        Pois/Air       16%        N/A       87%         2
 Static Discharge         Conj/Air       8%         N/A       87%         2
 Ignite Poison            Fire/Tmut/Pois 8%         N/A       98%         3
 Mephitic Cloud           Conj/Pois/Air  8%         N/A       98%         3
 Stone Arrow              Conj/Erth      16%        3d8       98%         3
 Swiftness                Air            8%         N/A       98%         3
 Vampiric Draining        Necr           4%         2d6       98%         3
 Airstrike                Air            4%         N/A       100%        4
 Animate Dead             Necr           4%         N/A       100%        4
 Olgreb's Toxic Radiance  Pois           8%         N/A       100%        4
 Petrify                  Tmut/Erth      8%         N/A       100%        4
 Agony                    Necr           8%         N/A       100%        5
 Lee's Rapid Deconstruct  Erth           4%         3d6*      100%        5
 Lightning Bolt           Conj/Air       4%         1d15      100%        5


Dungeon Overview and Level Annotations

Branches:
Dungeon (14/15)            Temple (1/1) D:6            Lair (0/6) D:10
    Orc (0/2) D:11         Vaults (0/5) D:13          Sewer (visited)

Altars:
Ashenzari
Cheibriados
Elyvilon
Fedhas
Gozag
Hepliaklqana
Kikubaaqudgha
Makhleb
Nemelex Xobeh
Okawaru
Qazlal
Sif Muna
Trog
Uskayaw
Wu Jian
Xom
Yredelemnul
Zin
The Shining One

Shops:
D:7 *   D:12 *


Innate Abilities, Weirdness & Mutations

You have razor-sharp teeth.
Your natural rate of healing is unusually fast.
When hurt, damage is shared between your health and your magic reserves.
Your bite disrupts and absorbs the magic of your enemies.
Potions cannot restore your health.


Message History

The white ugly thing pecks you but does no damage.
You spin and attack the purple ugly thing repeatedly.
You barely miss the purple ugly thing.
The purple ugly thing is lightly wounded.
You hit the purple ugly thing.
The purple ugly thing looks as sick as possible!
You bite the purple ugly thing. You drain its power.
You feel invigorated.
The purple ugly thing is lightly wounded.
You spin and attack the white ugly thing repeatedly.
You closely miss the white ugly thing.
The white ugly thing is lightly wounded.
You hit the white ugly thing.
The white ugly thing looks as sick as possible!
You bite the white ugly thing. You drain its power.
You feel invigorated.
The white ugly thing is moderately wounded.
A centaur warrior comes into view. It is wielding a +0 club.
The purple ugly thing engulfs you but does no damage.
You block the white ugly thing's attack.
You spin and attack the purple ugly thing.
The centaur warrior shouts!
You hit the purple ugly thing.
The purple ugly thing looks as sick as possible!
The purple ugly thing is moderately wounded.
You spin and attack the white ugly thing.
You hit the white ugly thing.
The white ugly thing looks as sick as possible!
The white ugly thing is moderately wounded.
The purple ugly thing barely misses you.
The efreet gestures at you. The bolt of fire hits you. You resist.
The centaur warrior unwields a +0 club.
The centaur warrior wields a +0 shortbow.
The centaur warrior shoots an arrow.
The arrow hits you. The white ugly thing pecks you!
The white ugly thing freezes you!!
* * * LOW HITPOINT WARNING * * *
There is a stone staircase leading up, spattered with blood here.
The purple ugly thing engulfs you!
* * * LOW HITPOINT WARNING * * *
The centaur warrior shoots an arrow.
The arrow hits you but does no damage. The white ugly thing pecks you.
The white ugly thing freezes you!!
You die...

########## ###########
#........# #.........#
#........# #.........#
#........#
#.........####........#
........).#..'........##
#.......<.#.##........c.
#...........##..@.R☼○.#
#.........####.u.u....#
#.........# ###+######
#######.### #.u# .....
........ #........#
#........#


You could see 2 ugly things, a centaur warrior and an efreet.

Vanquished Creatures
  A stone giant (D:10)
  A fire dragon (D:13)
  Josephine (D:10)
  A hydra (D:12)
  2 boulder beetles
  A catoblepas (D:13)
  A two-headed ogre (D:8)
  A glowing orange brain (shapeshifter) (D:13)
  A deep elf pyromancer (D:12)
  2 manticores
  9 ugly things
  A cyclops (D:13)
  2 gargoyles (D:12)
  A komodo dragon (D:10)
  An unseen horror (D:11)
  A kobold demonologist (D:10)
  A polar bear (shapeshifter) (D:13)
  4 trolls
  A hornet (D:11)
  Grinder (D:6)
  6 slime creatures (D:12)
  2 shadows
  6 wraiths
  A vampire (D:13)
  A wyvern (D:8)
  6 yaks
  Grum (D:11)
  A steam dragon (D:10)
  2 wargs
  3 water moccasins
  4 acid dragons
  6 orc warriors
  An ice beast (D:5)
  2 sky beasts (D:8)
  A black bear (shapeshifter) (D:13)
  A black bear (D:6)
  An ogre (D:4)
  4 necrophages
  2 wolves (D:11)
  A centaur (D:8)
  A phantom (D:6)
  The ghost of PejaSLU the Grave Robber, an amateur DENe (D:3)
  3 kobold brigands
  4 gnoll sergeants
  2 scorpions
  2 water moccasin zombies
  A wyvern skeleton (D:5)
  A water moccasin skeleton (D:4)
  15 killer bees
  5 wights (D:8)
  A howler monkey (D:9)
  2 electric eels (D:7)
  4 bullfrog zombies
  2 jellies
  3 quasits (D:3)
  6 hounds
  A centaur skeleton (D:7)
  8 orc priests
  A bullfrog skeleton (D:6)
  Jessica (D:2)
  7 iguanas
  7 orc wizards
  A hound skeleton (D:4)
  2 howler monkey zombies (D:8)
  21 gnolls
  6 adders
  A river rat (Sewer)
  A white imp (D:6)
  2 ufetubi
  3 worms
  2 dart slugs
  45 orcs
  7 ball pythons
  An endoplasm (D:2)
  3 giant cockroaches
  A goblin (D:4)
  5 hobgoblins
  7 jackals
  16 kobolds
  4 quokkas
  6 bats
  2 frilled lizards (D:3)
  7 rats
307 creatures vanquished.

Vanquished Creatures (others)
  4 plants
4 creatures vanquished.

Grand Total: 311 creatures vanquished

Notes
Turn   | Place    | Note
-------+----------+-------------------------------------------
     0 | D:1      | ICC the Vine Stalker Fighter began the quest for the Orb.
     0 | D:1      | Reached XP level 1. HP: 11/11 MP: 2/2
    77 | D:1      | Found a faded altar of an unknown god.
   133 | D:1      | Reached skill level 1 in Spellcasting
   212 | D:1      | Reached XP level 2. HP: 16/16 MP: 3/5
   497 | D:2      | Reached XP level 3. HP: 13/19 MP: 7/7
   585 | D:2      | Found a hide-covered altar of Uskayaw.
   877 | D:2      | Noticed Jessica
   988 | D:2      | Killed Jessica
   989 | D:2      | Gained mutation: Your natural rate of healing is unusually
                  | fast. [Vine Stalker growth]
   989 | D:2      | Reached XP level 4. HP: 11/23 MP: 9/9
  1277 | D:3      | Found a glowing drain.
  1285 | Sewer    | Entered a sewer
  1349 | Sewer    | Noticed a kobold brigand
  1365 | Sewer    | Killed a kobold brigand
  1366 | Sewer    | Reached XP level 5. HP: 7/27 MP: 6/11
  1394 | Sewer    | Found a glowing silver altar of Zin.
  1669 | D:3      | Found a transporter.
  1713 | D:3      | Found a glowing golden altar of the Shining One.
  1762 | D:3      | Found a transporter.
  1767 | D:3      | Noticed PejaSLU's ghost (amateur DENe)
  1781 | D:3      | Reached XP level 6. HP: 19/32 MP: 13/13
  1787 | D:3      | Killed PejaSLU's ghost
  1984 | D:4      | Reached skill level 5 in Spellcasting
  1992 | D:4      | Reached XP level 7. HP: 20/35 MP: 15/15
  2087 | D:4      | Reached skill level 5 in Short Blades
  2542 | D:4      | Found a sparkling altar of Nemelex Xobeh.
  2581 | D:4      | You fall into a shaft and drop 3 floors!
  2582 | D:7      | Found a hazy altar of Hepliaklqana.
  2583 | D:7      | Found a transporter.
  2587 | D:7      | Found a transporter.
  2617 | D:7      | Gained mutation: You have razor-sharp teeth. [Vine Stalker
                  | growth]
  2617 | D:7      | Reached XP level 8. HP: 38/39 MP: 18/18
  2723 | D:5      | Entered Level 5 of the Dungeon
  2791 | D:5      | Found a stormy altar of Qazlal.
  3297 | D:5      | Found a blossoming altar of Fedhas.
  3365 | D:5      | Identified the +6 falchion of the Witching Queen {vorpal,
                  | rPois Str+3}
  3403 | D:5      | Found a shimmering blue altar of Sif Muna.
  3569 | D:6      | Reached XP level 9. HP: 42/43 MP: 21/21
  3610 | D:6      | Reached skill level 1 in Dodging
  3611 | D:6      | Reached skill level 3 in Armour
  3630 | D:6      | Learned a level 1 spell: Apportation
  3692 | D:6      | Identified the +5 plate armour of Muhakh {Will+ Int+3}
  3715 | D:6      | Found a staircase to the Ecumenical Temple.
  3750 | Temple   | Entered the Ecumenical Temple
  3831 | Temple   | Became a worshipper of the Wu Jian Council
  3851 | D:6      | Noticed Grinder
  3875 | D:6      | Killed Grinder
  4142 | D:6      | Found a broken altar of Ashenzari.
  4379 | D:7      | Reached skill level 4 in Armour
  4397 | D:7      | Found Qobeh's General Store.
  4416 | D:7      | Identified the +1 robe of Reason {*Slow Will+ Int+4 Dex+3}
  4461 | D:7      | Reached skill level 5 in Armour
  4626 | D:7      | Found a snail-covered altar of Cheibriados.
  4795 | D:8      | Reached XP level 10. HP: 43/49 MP: 23/23
  4818 | D:7      | Reached * piety under Wu Jian
  4849 | D:8      | Noticed a two-headed ogre
  4861 | D:8      | Killed a two-headed ogre
  4862 | D:8      | Reached skill level 6 in Armour
  5374 | D:8      | Reached ** piety under Wu Jian
  5632 | D:9      | Reached skill level 7 in Armour
  5865 | D:9      | Found a shimmering altar of Xom.
  6188 | D:9      | Reached skill level 10 in Short Blades
  6188 | D:9      | Reached XP level 11. HP: 45/52 MP: 24/24
  6337 | D:9      | Reached skill level 8 in Armour
  6736 | D:10     | Entered Level 10 of the Dungeon
  6737 | D:10     | Found a staircase to the Lair.
  7222 | D:10     | Noticed a sixfirhy
  7241 | D:10     | Noticed a stone giant
  7415 | D:10     | Killed a stone giant
  7416 | D:10     | Reached skill level 9 in Armour
  7483 | D:10     | Identified the ring of Nibrik {rPois rC+ Stlth+}
  7513 | D:10     | Noticed Josephine
  7529 | D:10     | Killed Josephine
  7630 | D:11     | Found a staircase to the Orcish Mines.
  7729 | D:11     | Noticed a brown ugly thing
  7756 | D:11     | Killed a brown ugly thing
  7756 | D:11     | Reached *** piety under Wu Jian
  7757 | D:11     | Reached skill level 10 in Armour
  7898 | D:11     | Noticed Grum
  7911 | D:11     | Killed Grum
  7964 | D:11     | Noticed a boulder beetle
  7980 | D:11     | Killed a boulder beetle
  8462 | D:11     | Reached skill level 11 in Armour
  8589 | D:12     | Reached XP level 12. HP: 28/56 MP: 25/25
  8701 | D:12     | Noticed a six-headed hydra
  8757 | D:12     | Reached **** piety under Wu Jian
  8819 | D:12     | Found Vodd's Pet Rocks.
  8897 | D:12     | Reached skill level 12 in Armour
  8957 | D:12     | Killed a six-headed hydra
  9332 | D:13     | Noticed a fire dragon
  9371 | D:13     | Killed a fire dragon
  9386 | D:13     | Found a gate to the Vaults.
  9595 | D:13     | Noticed a catoblepas
  9627 | D:13     | Killed a catoblepas
 10093 | D:13     | Identified a scroll of acquirement
 10095 | D:13     | Acquired a manual of Spellcasting
 10349 | D:14     | Found an iron altar of Okawaru.
 10424 | D:14     | Reached skill level 10 in Spellcasting
 10484 | D:14     | Reached XP level 13. HP: 60/60 MP: 28/28
 10623 | D:14     | Demolished by a white ugly thing

Illustrated notes

Levels and vault maps discovered:
D:1:      minmay_arrival_hallway, layout_rooms, basic_ecumenical_altar
D:2:      layout_loops_ring, basic_altar, uniq_jessica
D:3:      layout_loops_cross, nicolae_tso_swordbearing_angel,
          gammafunk_ghost_stat_death, gup_sewer_entry_pipe
D:4:      layout_loops_ring, nemelex_diamond_rough_becter
D:5:      layout_rooms, grunt_temple_overflow_forces_of_nature,
          marbit_many_paths, serial_park_tiny_2
D:6:      layout_loops_ring, kennysheep_mini_moat,
          minmay_temple_entry_junction_2, serial_bayou_pond_e,
          minmay_fractal_squares_5, uniq_grinder
D:7:      gammafunk_steamed_eel, layout_rooms, old_standard_altar,
          lemuel_doored_altar, serial_shops, nicolae_shop_trees
D:8:      wad_crossroads, layout_cave_pools
D:9:      layout_layer_cave, nicolae_overflow_crystal_walls
D:10:     layout_grid_maze, david_lair_shrubbed, grunt_decor_one_mirror,
          kennysheep_just_a_vault, uniq_josephine
D:11:     layout_gridville, erik_orc_4, uniq_grum
D:12:     layout_gridville, guppyfry_shop_earth
D:13:     layout_stronghold, david_vaults_4
D:14:     layout_roguey, okawaru_metal_pillars_3
Temple:   oiseaux_autumnal_temple

Skill      XL: |  1  2  3  4  5  6  7  8  9 10 11 12 13 |
---------------+----------------------------------------+-----
Spellcasting   | 1 2 3 4 5 6 7 8 10 11 | 11.3
Short Blades   | 2 3 4 5 7 8 10 | 10.0
Fighting       | 3 |  3.5
Dodging        | 3 |  3.5
Armour         | 5 7 11 12 | 12.6
Shields        | 3 4 |  4.0

Action                   |  1- 3 |  4- 6 |  7- 9 | 10-12 | 13-15 || total
-------------------------+-------+-------+-------+-------+-------++-------
Melee: Rapier            |    58 |       |    36 |       |       ||    94
       Bite              |    16 |    35 |   151 |   462 |    14 ||   678
       Short sword       |    10 |   104 |   275 |  1013 |    52 ||  1454
       Falchion          |       |       |    40 |    85 |       ||   125
Throw: Javelin           |     1 |     4 |       |     3 |       ||     8
       Dart              |       |       |     1 |     2 |       ||     3
Invok: Lunge             |       |       |     6 |    49 |     1 ||    56
       Whirlwind         |       |       |       |   207 |    21 ||   228
       Serpent's Lash    |       |       |       |     2 |       ||     2
 Abil: Wall Jump         |       |       |       |     1 |       ||     1
Evoke: Wand              |       |       |     4 |     1 |       ||     5
       Phantom mirror    |       |       |       |     1 |       ||     1
       Phial of floods   |       |       |       |       |     1 ||     1
  Use: Potion            |     2 |     2 |     1 |       |       ||     5
       Scroll            |       |       |       |    12 |       ||    12
Armor: Scale mail        |    18 |    61 |    57 |       |       ||   136
       Plate armour      |       |       |    74 |   456 |    19 ||   549
Dodge: Dodged            |    37 |    56 |   118 |   214 |    10 ||   435
Block: Buckler           |       |       |       |    53 |     6 ||    59
       Rpst.: Falchion   |       |       |     3 |     4 |       ||     7

Table legend: (Time is in decaauts)
 A = Elapsed time spent in this place.
 B = Non-inter-level travel time spent in this place.
 C = Inter-level travel time spent in this place.
 D = Time resting spent in this place.
 E = Time spent auto-exploring this place.
 F = Levels seen in this place.
 G = Mean time per level.
                   A        B        C        D        E       F      G
               +--------+--------+--------+--------+--------+-----+--------+
         Total |  10381 |   9912 |    469 |      4 |   7602 |  16 |  648.8 |
       Dungeon |  10097 |   9645 |    452 |      4 |   7417 |  14 |  721.2 |
        Temple |     99 |     82 |     17 |      0 |     57 |   1 |   99.0 |
         Sewer |    184 |    184 |      0 |      0 |    128 |   1 |  184.0 |
               +--------+--------+--------+--------+--------+-----+--------+

Top non-repeatable levels by time:
     D:9: 1134 daAuts
    D:13: 1081 daAuts
    D:10: 947 daAuts
     D:4: 881 daAuts
    D:11: 800 daAuts
     D:8: 760 daAuts
     D:3: 737 daAuts
     D:6: 730 daAuts
     D:2: 647 daAuts
    D:12: 577 daAuts
     D:5: 524 daAuts
     D:7: 515 daAuts
     D:1: 429 daAuts
    D:14: 330 daAuts
   Sewer: 184 daAuts
